Map: Gresvan LE

Players

PtitDrogo

  • Race: Protoss Protoss
  • Spawn Location: 11:00

Krystianer - Winner!

  • Race: Protoss Protoss
  • Spawn Location: 5:00

Event: ESL SC2 Masters 2023 Summer (Regionals)

VOD

Have the link to the VOD?

Description

Time

  • Played on: May 4, 2023, 10:08 a.m.
  • Length: 18:47

All games in this series

Show
View Real Time Build Order
Export as new Build Order

PtitDrogo Protoss 

Build Orders: Phoenix Opening 

Get SALT Encoding   

  12  0:00  Probe  
  13  0:12  Probe  
  14  0:17  Pylon  
  14  0:24  Probe (Chrono Boost)  
  15  0:36  Probe (Chrono Boost)  
  15  0:37  Gateway  
  16  0:45  Probe (Chrono Boost)  
  16  0:46  Assimilator  
  17  0:51  Probe  
  17  0:54  Assimilator  
  18  1:03  Probe (Chrono Boost)  
  19  1:07  Gateway  
  19  1:13  Probe (Chrono Boost)  
  19  1:18  Probe (Chrono Boost)  
  20  1:24  Cybernetics Core  
  21  1:29  Probe  
  22  1:34  Pylon  
  22  1:41  Probe  
  23  1:53  Probe  
  24  1:58  Warp Gate (Chrono Boost)  
  24  2:01  Stalker  
  28  2:05  Sentry  
  28  2:07  Pylon  
  28  2:22  Probe  
  29  2:28  Stalker  
  31  2:35  Sentry  
  31  2:36  Phoenix  
  32  2:49  Nexus  
  32  2:50  Probe  
  33  2:55  Shield Battery  
  33  3:02  Sentry  
  33  3:05  Stalker  
  35  3:24  Probe  
  35  3:31  Twilight Council  
  35  3:36  Probe  
  36  3:44  Adept  
  36  3:47  Pylon  
  38  3:48  Probe  
  39  4:01  Probe (Chrono Boost)  
  41  4:03  Adept  
  41  4:04  Stalker  
  41  4:06  Probe (Chrono Boost)  
  46  4:10  Probe (Chrono Boost)  
  46  4:12  Blink (Chrono Boost)  
  46  4:14  Probe (Chrono Boost)  
  47  4:20  Probe (Chrono Boost)  
  49  4:24  Probe (Chrono Boost)  
  49  4:29  Probe (Chrono Boost)  
  49  4:30  Pylon, Stalker  
  52  4:37  Probe  
  53  4:44  Probe  
  54  4:51  Stalker  
  56  4:53  Stalker  
  56  4:54  Probe  
  56  4:56  Probe  
  60  5:06  Nexus  
  60  5:09  Shield Battery  
  60  5:11  Probe  
  61  5:19  Probe  
  62  5:21  Stalker  
  62  5:23  Probe, Stalker  
  67  5:31  Probe  
  67  5:35  Probe, Forge  
  69  5:43  Probe  
  70  5:52  Immortal  
  70  5:56  Probe (Chrono Boost)  
  70  5:58  Assimilator  
  70  6:00  Probe (Chrono Boost), Robotics Facility  
  70  6:03  Protoss Ground Weapons Level 1 (Chrono Boost)  
  68  6:06  Probe (Chrono Boost), Pylon  
  68  6:09  Probe (Chrono Boost), Gateway  
  68  6:10  Gateway  
  70  6:12  Charge  
  70  6:17  Probe (Chrono Boost)  
  70  6:18  Probe (Chrono Boost)  
  72  6:21  Stalker x2  
  72  6:23  Pylon  
  72  6:25  Probe (Chrono Boost)  
  77  6:27  Probe (Chrono Boost)  
  78  6:33  Probe  
  78  6:38  Probe  
  78  6:47  Stalker x2  
  74  6:54  Probe x2  
  74  6:55  Probe, Warp Prism  
  79  7:02  Dark Shrine  
  79  7:06  Probe x2  
  79  7:07  Probe  
  82  7:08  Gateway  
  82  7:09  Gateway x3  
  82  7:12  Zealot  
  84  7:18  Probe  
  84  7:19  Probe x2, Zealot x2  
  84  7:21  Zealot  
  93  7:27  Assimilator  
  93  7:28  Assimilator  
  93  7:29  Observer  
  93  7:31  Probe, Pylon  
  93  7:37  Probe  
  96  7:41  Pylon  
  96  7:43  Probe  
  95  7:47  Zealot x3  
  95  7:49  Pylon x2  
  101  7:56  Observer  
  102  7:58  Shield Battery  
  102  8:04  Nexus  
  102  8:06  Pylon  
  102  8:07  Protoss Ground Weapons Level 2 (Chrono Boost)  
  102  8:15  Gateway, Dark Templar x2  
  102  8:16  Gateway  
  102  8:18  Dark Templar  
  108  8:20  Dark Templar  
  108  8:25  Shield Battery  
  110  8:27  Observer, Photon Cannon  
  110  8:36  Probe  
  110  8:37  Shield Battery  
  110  8:38  Probe, Photon Cannon  
  110  8:39  Probe  
  111  8:45  Templar Archives  
  111  8:46  Zealot x3  
  117  8:56  Zealot x4  
  117  8:58  Pylon  
  117  8:59  Probe  
  126  9:11  Probe  
  126  9:13  Stalker x4  
  135  9:22  Warp Prism (Chrono Boost)  
  133  9:28  Zealot x4, Observer  
  140  9:34  Zealot x2  
  114  9:48  Zealot x6  
  109  9:57  Zealot x3  
  107  10:03  Dark Templar  
  107  10:06  Probe x2  
  107  10:07  Probe x2  
  105  10:18  Probe (Chrono Boost)  
  105  10:19  Probe x3 (Chrono Boost), Stalker x3  
  115  10:25  Photon Cannon  
  115  10:31  Probe x3 (Chrono Boost)  
  115  10:34  Probe (Chrono Boost)  
  119  10:36  Photon Cannon  
  119  10:37  Probe (Chrono Boost)  
  120  10:43  High Templar x3  
  120  10:44  High Templar x3, Zealot  
  120  10:45  Zealot  
  120  10:48  Archon x3  
  136  10:52  Zealot x2  
  126  11:14  Stalker x4  
  124  11:21  Zealot x5  
  130  11:28  Probe, Stalker  
  125  11:37  Zealot x2  
  125  11:38  Probe, Zealot x2  
  125  11:39  Probe x2  
  136  11:41  Probe, Assimilator  
  136  11:43  Zealot x2  
  136  11:45  Protoss Ground Weapons Level 3 (Chrono Boost), Assimilator  
  141  11:50  Probe  
  142  11:54  Nexus  
  142  11:56  Photon Cannon  
  142  11:57  Pylon  
  142  12:02  Probe  
  142  12:03  Probe x2  
  142  12:06  Probe  
  146  12:09  Stalker x4  
  146  12:10  Zealot  
  120  12:35  Zealot x3, Stalker x6  
  120  12:36  Zealot  
  132  12:38  Shadow Stride (Chrono Boost)  
  132  12:40  Observer  
  132  12:42  Probe  
  127  12:50  Probe x2  
  129  12:52  Shield Battery  
  129  12:53  Probe  
  129  12:54  Photon Cannon  
  124  12:59  Robotics Facility  
  124  13:01  Robotics Bay  
  124  13:04  Robotics Facility  
  124  13:09  Dark Templar x3  
  129  13:18  Dark Templar  
  123  13:24  Zealot x6  
  123  13:26  Probe x3  
  135  13:51  Nexus, Pylon, Zealot  
  137  13:56  Disruptor (Chrono Boost)  
  137  13:59  Observer (Chrono Boost)  
  136  14:03  Dark Templar x2  
  136  14:04  Zealot x7  
  136  14:06  Disruptor (Chrono Boost)  
  152  14:12  Disruptor (Chrono Boost)  
  152  14:16  Gravitic Boosters  
  155  14:17  Probe  
  156  14:28  Protoss Ground Armor Level 1 (Chrono Boost)  
  156  14:30  Zealot x8  
  156  14:31  Nexus  
  172  14:34  Pylon  
  172  14:35  Probe x4  
  176  14:43  Disruptor  
  176  14:44  Disruptor  
  171  15:12  Disruptor  
  174  15:17  Photon Cannon  
  174  15:18  Probe  
  174  15:19  Disruptor x2  
  174  15:20  Photon Cannon  
  181  15:22  Photon Cannon, Stalker x3  
  181  15:23  Zealot x5, Stalker  
  181  15:24  Shield Battery  
  181  15:26  Assimilator  
  181  15:27  Assimilator  
  181  15:28  Assimilator x2  
  199  15:32  Pylon  
  199  15:34  Probe  
  200  15:39  Shield Battery  
  200  15:41  Shield Battery  
  200  15:42  Photon Cannon  
  200  15:43  Pylon  
  200  15:47  Photon Cannon  
  196  15:51  Pylon  
  196  16:02  Zealot x2  
  182  16:17  Stalker x7  
  182  16:18  Zealot  
  184  16:23  Zealot x2  
  186  16:34  Observer x2  
  186  16:39  Zealot  
  180  16:40  Zealot x7  
  190  16:52  Stalker x2  
  174  16:54  Disruptor  
  174  16:55  Disruptor  
  168  17:06  Zealot x7  
  140  17:12  Stalker  
  122  17:19  Stalker x2  
  120  17:25  Disruptor  
  120  17:26  Stalker x7  
  130  17:30  Disruptor (Chrono Boost)  
  130  17:36  Disruptor (Chrono Boost)  
  132  17:46  Stalker x3  
  132  17:50  Dark Templar, Assimilator  
  140  17:51  Zealot  
  140  17:52  Zealot x5  
  140  17:56  Nexus, Pylon  
  140  17:58  Disruptor (Chrono Boost)  
  150  18:03  Disruptor (Chrono Boost)  
  156  18:09  Observer (Chrono Boost)  
  153  18:16  Photon Cannon  
  153  18:18  Photon Cannon, Stalker x3  
  159  18:20  Photon Cannon  
  159  18:22  Shield Battery  
  155  18:36  Stalker x4  
  155  18:37  Stalker  
  155  18:39  Zealot x2  
Show
View Real Time Build Order
Export as new Build Order

Krystianer Protoss - Winner!

Build Orders: Blink Stalkers 

Get SALT Encoding   

  12  0:00  Probe  
  13  0:12  Probe  
  14  0:16  Pylon  
  14  0:24  Probe (Chrono Boost)  
  16  0:36  Probe (Chrono Boost), Gateway  
  16  0:42  Probe (Chrono Boost)  
  16  0:45  Assimilator  
  17  0:50  Probe  
  17  0:54  Assimilator  
  18  1:03  Probe (Chrono Boost)  
  19  1:08  Gateway  
  19  1:13  Probe (Chrono Boost)  
  19  1:18  Probe (Chrono Boost)  
  20  1:23  Cybernetics Core  
  21  1:29  Probe  
  22  1:33  Pylon  
  22  1:41  Probe  
  23  1:53  Probe  
  24  1:57  Warp Gate (Chrono Boost)  
  24  1:59  Adept x2  
  28  2:05  Probe  
  29  2:09  Pylon  
  29  2:17  Shield Battery  
  29  2:26  Probe  
  29  2:29  Sentry x2  
  34  2:50  Nexus  
  33  2:53  Shield Battery  
  33  2:59  Twilight Council  
  33  3:01  Probe  
  34  3:09  Stalker  
  36  3:14  Probe  
  37  3:26  Probe  
  36  3:37  Stalker  
  36  3:38  Probe (Chrono Boost)  
  39  3:45  Pylon  
  39  3:48  Blink (Chrono Boost)  
  39  4:01  Probe (Chrono Boost)  
  39  4:02  Stalker  
  43  4:05  Probe (Chrono Boost), Stalker  
  46  4:11  Probe (Chrono Boost)  
  46  4:15  Probe (Chrono Boost)  
  46  4:16  Probe (Chrono Boost)  
  48  4:28  Probe (Chrono Boost), Stalker x2  
  48  4:30  Probe (Chrono Boost)  
  54  4:33  Probe (Chrono Boost)  
  54  4:37  Robotics Facility  
  55  4:38  Probe  
  55  4:50  Probe  
  55  4:52  Stalker x2  
  60  4:55  Pylon  
  60  4:56  Probe  
  60  5:03  Probe  
  61  5:10  Pylon  
  61  5:16  Stalker x2  
  65  5:25  Probe, Nexus  
  65  5:27  Probe  
  67  5:34  Observer  
  68  5:36  Forge  
  68  5:37  Probe  
  67  5:43  Stalker  
  67  5:45  Stalker  
  71  5:50  Probe  
  71  5:52  Probe  
  71  6:02  Probe  
  71  6:04  Probe, Protoss Ground Weapons Level 1 (Chrono Boost)  
  73  6:11  Shield Battery  
  73  6:13  Adept x2  
  73  6:14  Probe  
  73  6:16  Pylon  
  78  6:25  Gateway  
  78  6:29  Gateway  
  78  6:34  Probe (Chrono Boost)  
  78  6:35  Charge  
  78  6:38  Probe (Chrono Boost)  
  78  6:39  Probe (Chrono Boost)  
  79  6:45  Probe (Chrono Boost)  
  80  6:47  Probe (Chrono Boost)  
  80  6:49  Probe (Chrono Boost)  
  80  6:50  Probe (Chrono Boost)  
  80  6:53  Probe, Stalker x2  
  79  6:58  Probe  
  79  7:00  Probe  
  82  7:04  Gateway  
  82  7:05  Probe (Chrono Boost)  
  82  7:06  Gateway, Assimilator  
  82  7:07  Assimilator  
  83  7:13  Probe (Chrono Boost)  
  83  7:15  Gateway  
  85  7:16  Probe (Chrono Boost)  
  85  7:17  Probe (Chrono Boost)  
  85  7:18  Assimilator  
  85  7:21  Assimilator  
  85  7:22  Dark Shrine  
  87  7:25  Gateway  
  87  7:26  Probe x2 (Chrono Boost)  
  87  7:27  Probe (Chrono Boost)  
  89  7:32  Probe  
  89  7:34  Probe  
  89  7:36  Probe  
  92  7:37  Robotics Bay, Photon Cannon  
  92  7:44  Probe  
  93  7:45  Observer  
  93  7:48  Zealot x3  
  100  7:51  Pylon  
  100  7:52  Pylon  
  100  7:55  Photon Cannon  
  100  7:57  Robotics Facility  
  100  8:03  Probe  
  100  8:05  Protoss Ground Weapons Level 2  
  100  8:07  Observer  
  101  8:13  Photon Cannon  
  101  8:24  Pylon  
  101  8:29  Photon Cannon  
  101  8:30  Disruptor (Chrono Boost)  
  103  8:36  Dark Templar  
  105  8:43  Dark Templar  
  105  8:47  Nexus  
  107  8:48  Shield Battery  
  107  8:50  Pylon  
  107  8:51  Dark Templar  
  107  8:52  Pylon  
  107  8:55  Probe  
  110  8:56  Disruptor (Chrono Boost)  
  110  8:58  Probe  
  110  9:01  Probe  
  115  9:04  Disruptor (Chrono Boost), Photon Cannon  
  115  9:06  Shield Battery  
  115  9:08  Photon Cannon  
  118  9:11  Stalker  
  118  9:14  Pylon  
  117  9:25  Observer  
  118  9:31  Zealot x2  
  118  9:32  Zealot x3  
  118  9:33  Observer (Chrono Boost)  
  127  9:43  Disruptor (Chrono Boost)  
  127  9:45  Zealot  
  118  9:51  Disruptor (Chrono Boost)  
  101  9:55  Stalker x5  
  106  10:05  Probe x2  
  99  10:13  Probe  
  99  10:14  Cybernetics Core  
  99  10:17  Probe, Disruptor x2 (Chrono Boost)  
  99  10:18  Observer  
  99  10:19  Zealot x6  
  118  10:26  Cybernetics Core  
  118  10:31  Probe, Protoss Ground Weapons Level 3 (Chrono Boost)  
  118  10:32  Probe x2  
  121  10:42  Disruptor (Chrono Boost)  
  123  10:54  Probe  
  123  10:56  Disruptor (Chrono Boost)  
  124  10:58  Gateway  
  124  11:00  Gateway  
  124  11:02  Stalker x2  
  131  11:05  Pylon  
  131  11:07  Pylon  
  131  11:09  Pylon  
  105  11:26  Cybernetics Core  
  105  11:27  Disruptor (Chrono Boost), Zealot x6  
  105  11:31  Nexus, Probe  
  110  11:39  Pylon  
  113  11:47  Disruptor (Chrono Boost)  
  113  11:48  Probe x2  
  115  12:01  Photon Cannon  
  115  12:03  Stalker x5  
  112  12:30  Stalker x6  
  112  12:33  Zealot x2  
  118  12:43  Disruptor x2 (Chrono Boost)  
  120  12:46  Probe  
  120  12:47  Shield Battery  
  120  12:48  Probe  
  120  12:50  Probe  
  120  12:51  Probe  
  124  12:59  Probe  
  124  13:02  Dark Templar  
  127  13:07  Stalker x2  
  127  13:11  Observer (Chrono Boost)  
  133  13:14  Shadow Stride  
  133  13:16  Pylon, Observer (Chrono Boost)  
  133  13:22  Protoss Shields Level 1 (Chrono Boost)  
  133  13:30  Disruptor (Chrono Boost)  
  133  13:31  Disruptor (Chrono Boost)  
  139  13:34  Photon Cannon  
  139  13:36  Photon Cannon  
  139  13:38  Zealot  
  140  13:42  Dark Templar  
  142  13:52  Photon Cannon  
  142  13:53  Probe  
  142  13:54  Photon Cannon  
  141  14:01  Stalker x2  
  141  14:02  Probe  
  149  14:03  Probe  
  149  14:06  Probe  
  151  14:10  Observer  
  151  14:11  Observer  
  151  14:13  Pylon  
  151  14:15  Pylon  
  151  14:22  Dark Templar x3  
  151  14:23  Observer  
  156  14:26  Gravitic Boosters  
  156  14:28  Probe x3  
  156  14:31  Assimilator  
  156  14:35  Assimilator  
  156  14:37  Dark Templar  
  156  14:38  Dark Templar x2  
  162  14:40  Probe  
  163  14:49  Dark Templar x2  
  167  14:55  Pylon  
  167  14:56  Pylon  
  165  15:13  Pylon  
  165  15:15  Pylon  
  165  15:17  Pylon  
  165  15:18  Pylon  
  165  15:21  Observer  
  165  15:28  Dark Templar x3  
  171  15:31  Dark Templar  
  171  15:33  Nexus  
  171  15:34  Probe  
  174  15:46  Pylon  
  174  15:48  Pylon  
  174  15:50  Observer  
  174  15:56  Dark Templar x3  
  174  15:57  Disruptor, Dark Templar  
  157  16:12  Observer  
  157  16:17  Stalker x4  
  160  16:21  Pylon  
  160  16:24  Protoss Shields Level 2 (Chrono Boost), Assimilator  
  160  16:26  Probe x2, Assimilator  
  159  16:35  Zealot x3  
  159  16:36  Zealot  
  162  16:45  Zealot x3  
  166  16:47  Observer  
  149  17:14  Observer  
  128  17:16  Stalker x6  
  128  17:17  Disruptor (Chrono Boost), Stalker x2  
  141  17:31  Disruptor (Chrono Boost)  
  141  17:37  Probe x2 (Chrono Boost)  
  142  17:44  Zealot x7  
  142  17:47  Probe (Chrono Boost)  
  142  17:50  Disruptor (Chrono Boost)  
  159  17:52  Probe x2 (Chrono Boost)  
  162  18:01  Probe (Chrono Boost)  
  162  18:03  Probe  
  162  18:05  Shield Battery  
  164  18:06  Photon Cannon  
  167  18:14  Disruptor (Chrono Boost), Dark Templar x4  
  167  18:18  Probe x2  
  177  18:24  Probe  
  182  18:44  Stalker x4  
Tags
 
Add a new tag
Caveats
  • Supply blocks, unpowered buildings, or Contaminate may cause inaccurate times.
  • Supply counts are checked every 10 seconds.